 Dungeon Crawl Stone Soup version 0.29-a0-878-g7b45a56547 (webtiles) character file.

Game seed: 9780766160793060853

573137 Pooter the Executioner (level 25, -12/370 HPs)
             Began as a Minotaur Berserker on July 17, 2022.
             Was an Elder of Trog.
             Mangled by an Orb Guardian (28 damage)
             ... on level 5 of the Realm of Zot on July 20, 2022.
             The game lasted 08:06:46 (68874 turns).

Pooter the Executioner (Minotaur Berserker)        Turns: 68874, Time: 08:06:47

Health: -12/370    AC: 35    Str: 25 (30) XL:     25   Next: 70%
Magic:  0/6        EV: 11    Int:  1 (6)  God:    Trog [****..]
Gold:   3368       SH:  5    Dex: 12 (14) Spells: 24/24 levels left

rFire   + + +      SeeInvis .   a - +7 executioner's axe (antimagic)
rCold   + + +      Faith    .   (shield currently unavailable)
rNeg    . . .      Spirit   .   j - +10 gold dragon scales
rPois   +          Reflect  +   V - +1 hat of Meplujym {rPois Slay+4}
rElec   +          Harm     .   P - scarf {rC+ rF+}
rCorr   +          Rampage  .   (no gloves)
Will    +++..                   A - +1 pair of boots of the Orcish Mines {Contam rElec Regen+ Str+6}
Stlth   ..........              U - amulet of reflection
HPRegen 2.51/turn               R - +4 ring of slaying
MPRegen 0.10/turn               F - ring of protection from fire

@: berserking, lethally poisoned (-12 -> -12), resistant, strong-willed
(expiring), regenerating (expiring), hasted and slowed, lost intelligence,
unable to read
A: horns 2, retaliatory headbutt, low MP 1, poison resistance, electricity
resistance, weak 2, noise suppression
}: 3/15 runes: serpentine, barnacled, silver
a: Renounce Religion, Berserk, Trog's Hand, Brothers in Arms


You were on level 5 of the Realm of Zot.
You worshipped Trog.
Trog was greatly pleased with you.
You visited 10 branches of the dungeon, and saw 46 of its levels.
You visited 2 bazaars.
You also visited: Gauntlet.

You collected 7775 gold pieces.
You spent 4407 gold pieces at shops.

Inventory:

Hand Weapons
 a - a +7 antimagic executioner's axe (weapon)
   (Trog gifted it to you on level 3 of the Shoals)
 b - a +4 arbalest of freezing
   (You found it on level 12 of the Dungeon)
 g - a +4 scimitar of flaming
   (You took it off Erica on level 1 of the Lair of Beasts)
 y - the +11 battleaxe of Ravage {vorpal, rC+ Will+ Str+4}
   (Trog gifted it to you on level 11 of the Dungeon)

   It inflicts extra damage upon your enemies.
   Str:       It affects your strength (+4).
   rC:        It protects you from cold.
   Will:      It increases your willpower.
Missiles
 c - 12 atropa-tipped darts
 f - 9 javelins (quivered)
 s - 43 boomerangs
 v - 5 silver boomerangs
 w - 15 silver javelins
 K - 13 datura-tipped darts
 X - 24 curare-tipped darts
Armour
 j - +10 gold dragon scales (worn)
   (You found it on level 4 of the Depths)
 A - the +1 pair of boots of the Orcish Mines (worn) {Contam rElec Regen+ Str+6}
   (You found it on level 2 of the Lair of Beasts)

   Str:       It affects your strength (+6).
   rElec:     It insulates you from electricity.
   Contam:    It causes magical contamination when unequipped.
   Regen:     It increases your rate of health regeneration.
 P - a scarf of resistance (worn)
   (You found it in a Gauntlet)
 V - the +1 hat of Meplujym (worn) {rPois Slay+4}
   (You acquired it on level 2 of the Orcish Mines)

   Slay:      It affects your accuracy & damage with ranged weapons and melee
   (+4).
   rPois:     It protects you from poison.
Jewellery
 q - the ring "Gavvar" {rElec MP+9 Str+4 Int-3 Slay+5}
   (You took it off a tengu reaver on level 3 of the Depths)

   [ring of magical power]

   Str:       It affects your strength (+4).
   Int:       It affects your intelligence (-3).
   Slay:      It affects your accuracy & damage with ranged weapons and melee
   (+5).
   rElec:     It insulates you from electricity.
   MP:        It affects your magic capacity (+9).
 C - a ring of resist corrosion
   (You found it on level 6 of the Dungeon)
 F - a ring of protection from fire (right hand)
   (You found it on level 2 of the Snake Pit)
 H - a +6 ring of strength
   (You found it on level 3 of the Snake Pit)
 I - a ring of protection from cold
   (You found it on level 15 of the Dungeon)
 L - a ring of flight
   (You found it on level 7 of the Dungeon)
 N - a +6 ring of dexterity
   (You found it in a Gauntlet)
 R - a +4 ring of slaying (left hand)
   (You bought it in a shop in a bazaar)
 S - a ring of see invisible
   (You found it on level 1 of the Dungeon)
 U - an amulet of reflection (around neck)
   (You bought it in a shop on level 2 of the Orcish Mines)
Wands
 d - a wand of iceblast (36)
   (You found it on level 10 of the Dungeon)
 x - a wand of acid (20)
   (You found it on level 5 of the Lair of Beasts)
 D - a wand of digging (8)
   (You bought it in a shop in a bazaar)
 Y - a wand of mindburst (6)
   (You found it on level 1 of the Realm of Zot)
 Z - a wand of charming (23)
   (You found it on level 1 of the Lair of Beasts)
Scrolls
 i - 2 scrolls of silence
 l - 6 scrolls of magic mapping
 m - 4 scrolls of immolation {!r}
 n - 8 scrolls of fog
 t - 16 scrolls of teleportation {@r4}
 J - 8 scrolls of fear
 T - 13 scrolls of poison {!r}
 W - 2 scrolls of summoning
Potions
 h - a potion of resistance
 k - 25 potions of curing {@q1}
 u - a potion of haste {@q3}
 E - 9 potions of attraction {!q}
 G - 4 potions of mutation {!q}
 M - 9 potions of heal wounds {@q2}
 O - 5 potions of might
Miscellaneous
 o - a phantom mirror
   (You found it in a Gauntlet)
 r - a box of beasts
   (You found it on level 1 of the Shoals)
 z - a condenser vane
   (You found it on level 1 of the Shoals)
 Q - a tin of tremorstones (2/2)
   (You found it on level 3 of the Depths)


   Skills:
 - Level 24.5 Fighting
 - Level 25.8 Axes
 - Level 22.9 Ranged Weapons
 - Level 12.0 Throwing
 * Level 18.0 Armour
 - Level 16.5 Dodging
 - Level 14.8 Stealth
 - Level 10.5 Evocations


You had 24 spell levels left.
You didn't know any spells.
Your spell library was empty.

Dungeon Overview and Level Annotations

Branches:
Dungeon (15/15)            Temple (0/1) D:7            Lair (5/5) D:10
 Shoals (4/4) Lair:2        Snake (4/4) Lair:2        Slime (0/5) Lair:4
    Orc (2/2) D:10            Elf (0/3) Orc:2        Vaults (5/5) D:13
  Crypt (1/3) Vaults:3     Depths (4/4) D:15           Hell (visited)
    Zot (5/5) Depths:4    Gauntlet (visited)
    Dis: Hell:1         Geh: Hell:1         Coc: Hell:1         Tar: Hell:1

Altars:
Ashenzari
Cheibriados
Dithmenos
Elyvilon
Fedhas
Gozag
Kikubaaqudgha
Nemelex Xobeh
Okawaru
Qazlal
Sif Muna
Trog
Uskayaw
Vehumet
Yredelemnul
Zin
The Shining One
Jiyva

Shops:
D:6 :(*(   D:8 [   Orc:2 *=!?!   Shoals:2 ?   Shoals:4 (!   Snake:1 [:
Vaults:1 *

Portals:
Hell: Depths:1 Depths:2 Depths:3 Depths:4
Abyss: Depths:2 Depths:3
Pandemonium: Depths:1 Depths:2 Depths:4
Ziggurat: Depths:3
Trove: D:13 (give +7 demon trident)

Annotations:
Vaults:1 2 transporters, exclusion: orange crystal statue
Hell Geryon


Innate Abilities, Weirdness & Mutations

You have a pair of horns on your head.
You reflexively headbutt those who attack you in melee.
Your magical capacity is low. (-10% MP)
Your system is resistant to poisons. (rPois)
You are resistant to electric shocks. (rElec)
You are very weak. (Str -4)
You passively dampen the noise of your surroundings.


Message History

The Orb Guardian closely misses you. You furiously retaliate!
You headbutt the Orb Guardian. The Orb Guardian hits you!
* * * LOW HITPOINT WARNING * * *
The electric golem blinks!
The Orb Guardian misses you. You furiously retaliate!
You headbutt the Orb Guardian, but do no damage.
The Orb Guardian barely misses you.
The ancient lich points at you and mumbles some strange words.
The crystal spear hits you but does no damage.
The Orb Guardian barely misses you. You furiously retaliate!
You headbutt the Orb Guardian! The Orb Guardian barely misses you.
You block the Orb Guardian's attack. The Orb Guardian hits you.
* * * LOW HITPOINT WARNING * * *
You cut the Orb Guardian into ribbons!!!
You headbutt the Orb Guardian!
You kill the Orb Guardian!
Trog accepts your kill.
You slice the ancient lich!!
The ancient lich's magic leaks into the air.
You slice the orb of fire!!
The orb of fire's magic leaks into the air.
You closely miss the Orb Guardian. You slash the Orb Guardian! x3
You miss the Orb Guardian.
You feel sick. The Orb Guardian barely misses you.
The ancient lich touches you but does no damage.
The Orb Guardian hits you.
* * * LOW HITPOINT WARNING * * *
The Orb Guardian hits you but does no damage.
The Orb Guardian hits you.
* * * LOW HITPOINT WARNING * * *
The Orb Guardian hits you but does no damage.
Your tin of tremorstones (2/2) has regained one charge.
Your Armour skill increases to level 18!
You slash the Killer Klown!
The Killer Klown's magic leaks into the air.
You headbutt the Killer Klown! You miss the orb of fire.
You slash the Orb Guardian! You slice the Orb Guardian!!
You carve the Orb Guardian like a ham!!!
You slash the Orb Guardian! You slice the Orb Guardian!!
You slash the ancient lich!
The ancient lich's magic leaks into the air.
You feel sick. The Orb Guardian hits you!
* * * LOW HITPOINT WARNING * * *
The ancient lich touches you but does no damage.
The Killer Klown pies you viciously! The klown pie hits you!
Raspberry!
You feel weakened.
You feel dopey.
You feel clumsy.
* * * LOW HITPOINT WARNING * * *
The Orb Guardian hits you but does no damage.
The Orb Guardian closely misses you. The Orb Guardian hits you!!
You die...

,,,,,,,,,,,,,,,,*** *
,,,,,,,,,.........▓▓ **
,,,,,,,,,..........▓ ▓▓▓▓▓▓▓▓▓ *,
,,,,,,,,,..........▓*▓....X..▓**,
,,,,,,,,,...*..?...▓▓.....§..§▓*,
,,,,,^,,,.....^....▓.......§.§.*,
,,,,,,,,,.......X.......XX..§^.,,
^,,,,,,,,^....9pXXX▓...§X..X...*,
,,,,,,,,,.....DL@XX▓▓..(...X.X▓*,
,,,,,,,,,......*XX.▓▓▓..X.§^.▓▓*,
,,^,,,,,,..........# ▓▓▓▓▓▓▓▓▓ *,
,,,,,,,,^....§....## **
,,,,,,,,,.......▓## *
,,,,,,,,,....▓▓▓*
,,,,***▓▓▓▓▓▓▓▓▓▓#
,,,,,,,.......^..### ##
,,,,,,,......##....## ##.


You could see 2 orbs of fire, a Killer Klown (magic disrupted), an electric
golem (magic disrupted), a golden dragon, an ancient lich (fast, magic
disrupted) and 8 Orb Guardians.

Vanquished Creatures
  2 orbs of fire
  The ghost of Cemmere the Wrestler, a veteran TrCK of Xom (Zot:3)
  Josephina (Depths:3)
  Vv (Zot:4)
  9 curse toes
  A Killer Klown (Zot:2)
  2 caustic shrikes (Depths:3)
  16 golden dragons
  The ghost of Galytir the Slayer, an adept HOFi of Beogh (Vaults:3)
  the Enchantress (Depths:4)
  Nikola (Vaults:2)
  3 electric golems
  A shard shrike zombie (Crypt:1)
  21 tentacled monstrosities
  Rupert (D:13)
  2 liches (Depths:2)
  A walking crystal tome (Depths:3)
  A walking divine tome (Depths:2)
  12 Orb Guardians (Zot:5)
  10 quicksilver dragons
  8 titans
  A kraken (Shoals:3)
  3 ancient champions (Crypt:1)
  5 sphinxes
  9 tengu reavers
  7 death cobs
  10 shadow dragons
  Roxanne (Snake:3)
  Gastronok (Lair:1)
  16 storm dragons
  2 revenants (Crypt:1)
  15 draconian monks
  Donald (Snake:2)
  4 nagarajas (Snake:4)
  6 fire giants
  16 frost giants
  An orc warlord (Vaults:4)
  8 draconian knights
  2 draconian scorchers
  4 ghost moths
  2 iron dragons (Depths:3)
  A caustic shrike zombie (Crypt:1)
  14 vault wardens
  6 draconian shifters
  A cacodemon (Depths:4)
  17 ironbound preservers
  5 spriggan defenders
  A curse skull (Crypt:1)
  A draconian annihilator (Depths:4)
  5 ironbound thunderhulks
  A draconian stormcaller (Zot:5)
  5 war gargoyles
  21 very ugly things
  20 stone giants
  3 deep elf demonologists (Vaults:5)
  14 black draconians
  An entropy weaver (Vaults:5)
  4 vampire knights
  A minotaur (Gauntlet)
  3 deep elf annihilators (Vaults:5)
  7 dire elephants (Vaults:4)
  11 green draconians
  15 white draconians
  12 spark wasps
  10 red draconians
  17 purple draconians
  5 yellow draconians
  The ghost of Yogidamonk the Nimble, a journeyman MiHu of Okawaru (Lair:3)
  An eidolon (Crypt:1)
  5 merfolk impalers
  Snorg (D:14)
  2 blizzard demons
  A crystal guardian (Vaults:1)
  9 ettins
  13 fire dragons
  13 yaktaur captains
  A spectral quicksilver dragon (Crypt:1)
  7 merfolk javelineers
  A rakshasa (Depths:2)
  9 great orbs of eyes
  42 vault guards
  2 spriggan zombies (Crypt:1)
  A hell beast (Depths:4)
  The ghost of math4jedi the Eye of the Storm, a journeyman HOFi of Qazlal (Lair:1)
  2 salamander tyrants (Snake:4)
  8 ice dragons
  2 peacekeepers
  9 hydras
  3 centaur warriors
  4 merfolk avatars
  14 naga warriors
  2 spriggan air magi
  6 two-headed ogres
  3 boulder beetles
  A juggernaut simulacrum (Depths:4)
  Erica (Lair:1)
  A death knight (Crypt:1)
  8 ironbound frosthearts
  5 anacondas
  An ogre mage (Vaults:2)
  The ghost of reriks the Covert, a journeyman KoHu of Okawaru (Lair:1)
  3 merfolk aquamancers
  3 spriggan berserkers
  2 alligator snapping turtles (Shoals:4)
  12 deep troll earth magi
  6 deep troll shamans
  5 death yaks
  2 satyrs
  2 hell hogs (Depths:4)
  4 orc high priests (Orc:2)
  Urug (Orc:2)
  3 tengu warriors
  4 vampire magi
  6 shock serpents
  2 titan zombies
  12 naga sharpshooters
  5 hell knights
  4 soul eaters
  8 sun demons
  A titan skeleton (Crypt:1)
  15 skeletal warriors
  43 deep trolls
  2 spark wasp zombies
  A steelbarb worm (shapeshifter) (Vaults:5)
  A sixfirhy (Depths:1)
  5 iron trolls
  5 salamander mystics
  A storm dragon zombie (Crypt:1)
  3 glowing orange brains
  5 naga ritualists
  A quicksilver dragon simulacrum (Depths:4)
  16 sea snakes
  2 flayed ghosts (Depths:3)
  6 phantasmal warriors
  16 lindwurms
  3 spriggan simulacra
  6 orc knights
  14 ironbound convokers
  9 harpies
  10 wizards
  Pikel (D:7)
  8 necromancers
  4 deep elf pyromancers
  2 orc sorcerers (Orc:2)
  8 mana vipers
  A fire giant zombie (Depths:2)
  A frost giant zombie (D:15)
  13 salamanders
  A tengu skeleton (Depths:2)
  A cyclops (shapeshifter) (Depths:1)
  3 oklob plants (Lair:4)
  2 wolf spiders
  6 cyclopes
  26 ugly things
  28 fauns
  3 elephants (Lair:2)
  2 centaur zombies (Crypt:1)
  31 moths of wrath
  7 merfolk sirens
  21 vault sentinels
  12 manticores
  Joseph (D:7)
  A gargoyle (D:13)
  An eye of devastation (Gauntlet)
  A fire giant skeleton (D:15)
  3 molten gargoyles
  42 black mambas
  6 smoke demons
  11 torpor snails
  An alligator snapping turtle zombie (Hell)
  21 naga magi
  2 naga zombies
  7 water nymphs
  6 guardian serpents
  3 centaur skeletons (Crypt:1)
  A dire elephant skeleton (Crypt:1)
  9 apocalypse crabs (Zot:3)
  2 orange demons
  18 cane toads
  2 unseen horrors (D:11)
  2 freezing wraiths
  A green draconian zombie (Crypt:1)
  A hellion (Depths:1)
  10 komodo dragons
  A rime drake (Lair:1)
  4 tengu conjurers
  3 ice devils
  An efreet (Zot:3)
  A red devil (Depths:1)
  23 yaktaurs
  A hellwing (Depths:1)
  An anaconda simulacrum (Hell)
  A meliai (shapeshifter) (D:14)
  17 trolls
  5 wind drakes
  A hydra zombie (Crypt:1)
  A merfolk (shapeshifter) (Vaults:5)
  3 meliai (D:13)
  20 merfolk
  16 hornets
  Prince Ribbit (D:7)
  22 blink frogs
  3 tyrant leeches (Lair:5)
  A hydra skeleton (Hell)
  31 slime creatures
  7 polar bears
  7 snapping turtles
  Grinder (D:3)
  A human simulacrum (Vaults:4)
  17 dream sheep
  4 flying skulls (Gauntlet)
  A ynoxinul (Depths:4)
  6 wraiths
  12 water elementals
  A jumping spider (shapeshifter) (D:15)
  2 shadows (D:10)
  7 spriggans
  47 yaks
  Grum (D:8)
  14 wyverns
  3 humans (D:13)
  A redback (shapeshifter) (Vaults:5)
  3 neqoxecs (Depths:1)
  2 redbacks (Lair:5)
  4 vampire mosquitoes (D:13)
  A basilisk (D:12)
  2 steam dragons
  53 nagas
  7 wargs
  25 water moccasins
  2 acid dragons
  A naga skeleton (Hell)
  2 hell hounds (Depths:3)
  3 floating eyes
  16 orc warriors
  A floating eye zombie (D:15)
  An ice beast (D:7)
  4 black bears
  60 wolves
  7 ogres
  5 boggarts (D:14)
  8 centaurs
  A phantom (D:6)
  A lemure (D:6)
  Blork the orc (D:4)
  2 kobold brigands
  10 bullfrogs
  A necrophage (D:5)
  7 scorpions
  A polar bear zombie (Crypt:1)
  A raiju zombie (Crypt:1)
  9 killer bees
  3 spriggan skeletons (Crypt:1)
  A yak skeleton (Crypt:1)
  2 howler monkeys
  An electric eel (Lair:1)
  A shapeshifter skeleton (Crypt:1)
  The ghost of SkeletonJelly the Scratcher, a weakling FeMo (D:4)
  3 jellies
  33 orc priests
  5 hounds
  3 iguanas
  Terence (D:2)
  26 orc wizards
  7 hell rats (Lair:5)
  A killer bee zombie (Crypt:1)
  7 adders
  3 gnolls (D:2)
  3 shadow imps
  A white imp (Vaults:4)
  2 worms
  A dart slug (D:2)
  55 orcs
  10 ball pythons
  7 endoplasms
  8 giant cockroaches
  7 goblins
  9 hobgoblins
  5 jackals
  14 kobolds
  6 quokkas
  A bat (D:2)
  4 frilled lizards
  8 rats
  A fire vortex (Depths:4)
  2 tentacles (Shoals:3)
1946 creatures vanquished.

Vanquished Creatures (collateral kills)
  2 storm dragons
  A draconian knight (Zot:2)
  A draconian scorcher (Zot:1)
  A draconian stormcaller (Zot:5)
  2 deep troll shamans
  A hell knight (Depths:3)
  A skeletal warrior (D:15)
  A deep troll (Vaults:4)
  2 necromancers (Depths:3)
  A cyclops (D:15)
  A naga mage (Snake:1)
  3 yaktaurs (D:15)
17 creatures vanquished.

Vanquished Creatures (others)
  A draconian monk (Zot:2)
  A black draconian (Zot:2)
  A yellow draconian (Zot:1)
  A merfolk aquamancer (Shoals:2)
  A naga sharpshooter (Snake:1)
  A sun demon (Depths:4)
  A death drake (Depths:4)
  A deep troll (Vaults:4)
  A manticore (Shoals:1)
  A yaktaur (D:15)
  4 water elementals (Depths:1)
  An orc priest (Orc:2)
  A bush (Lair:2)
  A butterfly (Depths:1)
  97 fungi
  356 plants
  2 tentacles (Shoals:3)
  10 withered plants
482 creatures vanquished.

Grand Total: 2445 creatures vanquished

Notes
Turn   | Place    | Note
-------+----------+-------------------------------------------
     0 | D:1      | Pooter the Minotaur Berserker began the quest for the Orb.
     0 | D:1      | Reached XP level 1. HP: 19/19 MP: 0/0
    71 | D:1      | Found a faded altar of an unknown god.
   207 | D:1      | Reached XP level 2. HP: 23/27 MP: 1/1
   214 | D:1      | Reached skill level 4 in Axes
   772 | D:2      | Reached XP level 3. HP: 34/34 MP: 2/2
   946 | D:2      | Noticed Terence
   958 | D:2      | Killed Terence
   959 | D:2      | Reached skill level 5 in Fighting
   959 | D:2      | Reached XP level 4. HP: 20/42 MP: 3/3
  1427 | D:2      | Reached ** piety under Trog
  1992 | D:3      | You fall into a shaft and drop 2 floors!
  1992 | D:5      | Entered Level 5 of the Dungeon
  1998 | D:5      | Noticed a scorpion
  2006 | D:4      | Noticed a scorpion
  2011 | D:4      | Killed a scorpion
  2012 | D:4      | Reached skill level 1 in Ranged Weapons
  2012 | D:4      | Reached XP level 5. HP: 50/50 MP: 4/4
  2108 | D:4      | Found a transporter.
  2110 | D:4      | Found a transporter.
  2110 | D:4      | Noticed SkeletonJelly's ghost (weakling FeMo)
  2136 | D:4      | Reached skill level 5 in Axes
  2230 | D:4      | Identified the +7 plate armour of Ischuem {+Blink rC+}
  2265 | D:4      | Found a transporter.
  2325 | D:4      | Reached XP level 6. HP: 43/58 MP: 5/5
  3032 | D:3      | Noticed Grinder
  3043 | D:3      | Killed Grinder
  3044 | D:3      | Reached skill level 6 in Axes
  3044 | D:3      | Reached skill level 1 in Evocations
  3044 | D:3      | Reached XP level 7. HP: 66/66 MP: 6/6
  3296 | D:4      | Noticed Blork the orc
  3305 | D:4      | Killed Blork the orc
  3598 | D:4      | Found a shimmering blue altar of Sif Muna.
  3598 | D:4      | Found a blossoming altar of Fedhas.
  3605 | D:4      | Found a broken altar of Ashenzari.
  3607 | D:4      | Found an opulent altar of Gozag.
  3608 | D:4      | Found a sparkling altar of Nemelex Xobeh.
  3678 | D:4      | Found a transporter.
  3736 | D:4      | Found a white marble altar of Elyvilon.
  3736 | D:4      | Found a glowing golden altar of the Shining One.
  3736 | D:4      | Found a glowing silver altar of Zin.
  4285 | D:5      | Reached skill level 5 in Ranged Weapons
  4371 | D:5      | Reached skill level 7 in Axes
  4371 | D:5      | Reached XP level 8. HP: 73/73 MP: 7/7
  4511 | D:5      | Found an iron altar of Okawaru.
  4517 | D:5      | Found a bloodstained altar of Trog.
  4522 | D:5      | Found an ancient bone altar of Kikubaaqudgha.
  4625 | D:5      | Identified a scroll of acquirement
  4626 | D:5      | Acquired the +4 battleaxe of Cruel Justice {venom, *Noise
                  | Fly Int+2 SInv}
  4781 | D:5      | Reached skill level 8 in Axes
  5169 | D:6      | Found Baugh's Book Shop.
  5317 | D:6      | Reached XP level 9. HP: 82/82 MP: 8/8
  5390 | D:6      | Found Ytixzic's Weapon Shop.
  5403 | D:6      | Found Enest's Assorted Antiques.
  5497 | D:6      | Bought a scroll of identify for 64 gold pieces
  5497 | D:6      | Bought a scroll labelled AVAFAD GUSTROST for 32 gold pieces
  5497 | D:6      | Bought a scroll labelled CINKOL VACLURE for 32 gold pieces
  5497 | D:6      | Bought a scroll of identify for 64 gold pieces
  5506 | D:6      | Bought 4 javelins for 44 gold pieces
  5693 | D:6      | Found Tiula's Weapon Shop.
  6141 | D:7      | Reached *** piety under Trog
  6155 | D:7      | Noticed Prince Ribbit
  6155 | D:7      | Noticed Pikel
  6188 | D:7      | Killed Pikel
  6188 | D:7      | Killed Prince Ribbit
  6189 | D:7      | Reached skill level 9 in Axes
  6241 | D:7      | Found a staircase to the Ecumenical Temple.
  6466 | D:7      | Noticed Joseph
  6476 | D:7      | Killed Joseph
  6859 | D:8      | Reached skill level 10 in Axes
  6860 | D:8      | Reached XP level 10. HP: 90/91 MP: 9/9
  6866 | D:8      | Reached skill level 5 in Armour
  6946 | D:8      | Identified the +0 robe of the Present {Dex+5}
  7099 | D:8      | Noticed Grum
  7105 | D:8      | Killed Grum
  7217 | D:8      | Identified the +6 hand axe "Grim Tooth" {holy, rPois Will+
                  | Str+4}
  8175 | D:8      | Found Quurchu's Antique Armour Shop.
  8758 | D:9      | Noticed a two-headed ogre
  8764 | D:9      | Killed a two-headed ogre
  8765 | D:9      | Reached skill level 11 in Axes
  8765 | D:9      | Reached skill level 5 in Evocations
  8869 | D:9      | Reached skill level 10 in Fighting
  9171 | D:10     | Entered Level 10 of the Dungeon
  9212 | D:10     | Noticed a two-headed ogre
  9217 | D:10     | Killed a two-headed ogre
  9443 | D:10     | Reached skill level 10 in Ranged Weapons
  9443 | D:10     | Reached XP level 11. HP: 89/99 MP: 10/10
  9529 | D:10     | Reached skill level 12 in Axes
  9790 | D:10     | Found a hide-covered altar of Uskayaw.
 10345 | D:10     | Found a staircase to the Orcish Mines.
 10426 | D:10     | Found a staircase to the Lair.
 10669 | D:10     | Found a shadowy altar of Dithmenos.
 10889 | Orc:1    | Entered Level 1 of the Orcish Mines
 11188 | Orc:2    | Entered Level 2 of the Orcish Mines
 11291 | Orc:2    | Noticed Urug
 11608 | Orc:2    | Killed Urug
 11650 | Orc:2    | Noticed an orc knight
 11864 | Orc:1    | Killed an orc knight
 11961 | Orc:2    | Reached skill level 13 in Axes
 11962 | Orc:2    | Noticed an orc high priest
 11965 | Orc:2    | Noticed an orc sorcerer
 12021 | Lair:1   | Entered Level 1 of the Lair of Beasts
 12370 | Lair:1   | Noticed a seven-headed hydra
 12387 | Lair:1   | Killed a seven-headed hydra
 12388 | Lair:1   | Reached XP level 12. HP: 110/110 MP: 11/11
 12471 | Lair:1   | Noticed a seven-headed hydra
 12483 | Lair:1   | Killed a ten-headed hydra
 12780 | Lair:1   | Found a snail-covered altar of Cheibriados.
 12953 | Lair:1   | Noticed Erica
 13000 | Lair:1   | Killed Erica
 13011 | Lair:1   | Reached skill level 14 in Axes
 13088 | Lair:1   | Noticed an eight-headed hydra
 13095 | Lair:1   | Noticed Gastronok
 13099 | Lair:1   | Killed a four-headed hydra
 13112 | Lair:1   | Killed Gastronok
 13333 | Lair:1   | Found a runed translucent gate.
 13333 | Lair:1   | Found a runed translucent gate.
 13333 | Lair:1   | Found a runed translucent gate.
 13334 | Lair:1   | Noticed math4jedi's ghost (journeyman HOFi)
 13334 | Lair:1   | Noticed reriks's ghost (journeyman KoHu)
 13335 | Lair:1   | Identified the +0 robe of Fortification {rF++}
 13749 | Lair:1   | Killed math4jedi's ghost
 13755 | Lair:1   | HP: 5/112 [reriks's ghost (5)]
 14225 | Lair:1   | Killed reriks's ghost
 14613 | Lair:2   | Found a staircase to the Snake Pit.
 14785 | Lair:2   | Found a hide-covered altar of Uskayaw.
 14803 | Lair:2   | Reached XP level 13. HP: 97/118 MP: 12/12
 14895 | Lair:2   | Identified the +1 pair of boots of the Orcish Mines {Contam
                  | rElec Regen+ Str+6}
 14934 | Lair:2   | Identified the +1 leather armour of Qeatwolu {Will+}
 15362 | Lair:2   | Reached **** piety under Trog
 15491 | Lair:2   | Found a staircase to the Shoals.
 15738 | Lair:3   | Reached skill level 15 in Axes
 15952 | Lair:3   | Found a transporter.
 15952 | Lair:3   | Noticed Yogidamonk's ghost (journeyman MiHu)
 16025 | Lair:3   | Found a transporter.
 16474 | Lair:4   | Identified the +3 leather armour of Grace {rF+ rCorr Str+3}
 16507 | Lair:3   | Reached skill level 10 in Armour
 16519 | Lair:4   | Reached ***** piety under Trog
 17271 | Lair:4   | Found a viscous altar of Jiyva.
 17323 | Lair:4   | Found a staircase to the Slime Pits.
 17642 | Lair:5   | Entered Level 5 of the Lair of Beasts
 17791 | Lair:4   | Reached skill level 16 in Axes
 17844 | Lair:4   | Reached XP level 14. HP: 96/127 MP: 13/13
 18163 | Lair:5   | Reached skill level 15 in Ranged Weapons
 18454 | Lair:5   | Reached skill level 17 in Axes
 18469 | Lair:5   | Found a runed translucent door.
 19638 | D:11     | Found a shimmering blue altar of Sif Muna.
 19767 | D:11     | Identified the +11 battleaxe of Ravage {vorpal, rC+ Will+
                  | Str+4} (Trog gifted it to you on level 11 of the Dungeon)
 19767 | D:11     | Received a gift from Trog
 19989 | D:12     | Reached skill level 1 in Throwing
 20043 | D:12     | Reached skill level 1 in Stealth
 20131 | D:12     | Reached XP level 15. HP: 137/137 MP: 14/14
 20675 | D:13     | Found a portal to a secret trove of treasure.
 21342 | D:13     | Found a gate to the Vaults.
 21751 | D:13     | Noticed Rupert
 21763 | D:13     | Reached skill level 18 in Axes
 21771 | D:13     | Killed Rupert
 22556 | D:14     | Found a gate leading to a gauntlet.
 22565 | Gauntlet | Entered a Gauntlet
 22565 | Gauntlet | Found a transporter.
 22573 | Gauntlet | Found a transporter.
 22575 | Gauntlet | Found a transporter.
 22591 | Gauntlet | Found a transporter.
 22592 | Gauntlet | Found a transporter.
 22601 | Gauntlet | Found a transporter.
 22618 | Gauntlet | Found a transporter.
 22631 | Gauntlet | Found a transporter.
 22637 | Gauntlet | Found a runed translucent door.
 22638 | Gauntlet | Found a transporter.
 22639 | Gauntlet | Found a runed translucent door.
 22652 | Gauntlet | Found a transporter.
 22664 | Gauntlet | Found a transporter.
 22667 | Gauntlet | Found a transporter.
 22759 | Gauntlet | Found a transporter.
 22801 | Gauntlet | Identified the +2 hat "Kacy" {rF+ Will- Regen+}
 22893 | Gauntlet | Identified the +3 trident "Laufumidgh" {venom, Fly rElec
                  | Str+3 Stlth-}
 23174 | D:14     | Noticed Snorg
 23190 | D:14     | Killed Snorg
 23263 | D:14     | Found a stormy altar of Qazlal.
 23777 | D:15     | Entered Level 15 of the Dungeon
 24111 | D:15     | Found a staircase to the Depths.
 24275 | D:15     | Found a radiant altar of Vehumet.
 24705 | D:4      | Killed SkeletonJelly's ghost
 24920 | Lair:3   | Reached XP level 16. HP: 147/147 MP: 15/15
 24921 | Lair:3   | Killed Yogidamonk's ghost
 24959 | Lair:3   | Reached skill level 19 in Axes
 24959 | Lair:3   | Reached XP level 17. HP: 154/154 MP: 16/16
 25774 | Orc:2    | Found a staircase to the Elven Halls.
 25778 | Orc:2    | Reached skill level 5 in Throwing
 26024 | Orc:2    | Reached skill level 15 in Fighting
 26106 | Orc:2    | Found Asic's Distillery.
 26106 | Orc:2    | Found Vabloa's Magic Scroll Shop.
 26107 | Orc:2    | Found Offyclin's Jewellery Boutique.
 26111 | Orc:2    | Found Dogeemaave's General Store.
 26114 | Orc:2    | Bought a potion of heal wounds for 65 gold pieces
 26115 | Orc:2    | Bought a scroll of acquirement for 572 gold pieces
 26115 | Orc:2    | Acquired the +1 hat of Meplujym {rPois Slay+4}
 26133 | Orc:2    | Bought an amulet of reflection for 360 gold pieces
 26141 | Orc:2    | Bought a scroll of enchant weapon for 112 gold pieces
 26141 | Orc:2    | Bought a potion of mutation for 120 gold pieces
 26412 | Orc:2    | Found Bithuh's Distillery.
 26418 | Orc:2    | Bought a potion of curing for 33 gold pieces
 26418 | Orc:2    | Bought a potion of heal wounds for 55 gold pieces
 26418 | Orc:2    | Bought a potion of might for 44 gold pieces
 26418 | Orc:2    | Bought a potion of mutation for 88 gold pieces
 26418 | Orc:2    | Bought a potion of curing for 33 gold pieces
 26418 | Orc:2    | Bought 2 potions of curing for 66 gold pieces
 26676 | Snake:1  | Entered Level 1 of the Snake Pit
 26691 | Snake:1  | Found a sparkling altar of Nemelex Xobeh.
 26704 | Snake:1  | Found Haohuak's Book Emporium.
 26757 | Snake:1  | Found a flickering gateway to a bazaar.
 26762 | Bazaar   | Entered a bazaar
 26776 | Bazaar   | Found Tuimn's Antique Weapon Shoppe.
 26776 | Bazaar   | Found Unwip's Weapon Emporium.
 26797 | Bazaar   | Found Pusuozim's Magic Scroll Shoppe.
 26797 | Bazaar   | Found Baitz's Antique Armour Emporium.
 26808 | Bazaar   | Bought a scroll of blinking for 127 gold pieces
 26819 | Bazaar   | Found Xeitum's General Store.
 26966 | Bazaar   | Bought a wand of digging (5) for 294 gold pieces
 27102 | Snake:1  | Reached skill level 5 in Stealth
 27245 | Snake:1  | Found a hide-covered altar of Uskayaw.
 27325 | Snake:1  | Reached skill level 20 in Axes
 27342 | Snake:1  | Found Toduttoo's Armour Emporium.
 27713 | Snake:2  | Upgraded the game from 0.29-a0-870-g2c972031a6 to
                  | 0.29-a0-872-g797fff5ad1
 28008 | Snake:2  | Gained mutation: You are agile. (Dex +4, Str/Int -1)
                  | [potion of mutation]
 28009 | Snake:2  | Lost mutation: You are agile. (Dex +4, Str/Int -1) [potion
                  | of mutation]
 28009 | Snake:2  | Gained mutation: You occasionally lose the ability to drink
                  | potions when taking damage. [potion of mutation]
 28009 | Snake:2  | Gained mutation: You are frail. (-10% HP) [potion of
                  | mutation]
 28010 | Snake:2  | Lost mutation: You occasionally lose the ability to drink
                  | potions when taking damage. [potion of mutation]
 28010 | Snake:2  | Lost mutation: You are frail. (-10% HP) [potion of
                  | mutation]
 28010 | Snake:2  | Gained mutation: You passively dampen the noise of your
                  | surroundings. [potion of mutation]
 28010 | Snake:2  | Gained mutation: Your system is resistant to poisons.
                  | (rPois) [potion of mutation]
 28010 | Snake:2  | Gained mutation: You are resistant to electric shocks.
                  | (rElec) [potion of mutation]
 28434 | Snake:2  | Noticed Donald
 28441 | Snake:2  | Killed Donald
 29613 | Snake:3  | Identified Roxanne's Spellbook of Reformation
 29613 | Snake:3  | Noticed Roxanne
 29998 | Snake:3  | Killed Roxanne
 30273 | Snake:4  | Entered Level 4 of the Snake Pit
 30521 | Snake:4  | Reached skill level 5 in Dodging
 30590 | Snake:4  | Reached skill level 10 in Evocations
 30596 | Snake:4  | Reached XP level 18. HP: 97/166 MP: 17/17
 30598 | Snake:4  | Received a gift from Trog
 31393 | Snake:4  | Got a serpentine rune of Zot
 31937 | Shoals:1 | Entered Level 1 of the Shoals
 33350 | Shoals:2 | Found Xytisaek's Magic Scroll Shoppe.
 33770 | Shoals:2 | Bought a scroll of blinking for 112 gold pieces
 33770 | Shoals:2 | Bought a scroll of fog for 60 gold pieces
 33972 | Shoals:3 | Received a gift from Trog
 34820 | Shoals:4 | Entered Level 4 of the Shoals
 35165 | Shoals:4 | Got a barnacled rune of Zot
 35170 | Shoals:4 | Reached XP level 19. HP: 102/177 MP: 18/18
 37235 | Shoals:4 | Found Leitzoqi's Weapon Shoppe.
 37782 | Shoals:4 | Found Pameaqin's Distillery.
 37791 | Shoals:4 | Bought a potion of resistance for 150 gold pieces
 37791 | Shoals:4 | Bought a potion of cancellation for 120 gold pieces
 39537 | Vaults:1 | Entered Level 1 of the Vaults
 40134 | Vaults:1 | Found Finiamu's General Store.
 40146 | Vaults:1 | Bought 2 boomerangs for 18 gold pieces
 40146 | Vaults:1 | Bought a scroll of enchant weapon for 135 gold pieces
 40146 | Vaults:1 | Bought a wand of iceblast (4) for 172 gold pieces
 40225 | Vaults:1 | Found a transporter.
 40239 | Vaults:1 | Found a transporter.
 40699 | Vaults:2 | Reached skill level 21 in Axes
 41108 | Vaults:2 | Noticed Nikola
 41124 | Vaults:2 | Reached skill level 10 in Throwing
 41128 | Vaults:2 | Killed Nikola
 42085 | Vaults:2 | Identified the +8 battleaxe "Eqy Unujuu" {vorpal, Will+}
                  | (Trog gifted it to you on level 2 of the Vaults)
 42085 | Vaults:2 | Received a gift from Trog
 42404 | Vaults:3 | Found a runed translucent door.
 42506 | Vaults:3 | Found a staircase to the Crypt.
 42506 | Vaults:3 | Found an ancient bone altar of Kikubaaqudgha.
 42507 | Vaults:3 | Found a basalt altar of Yredelemnul.
 42513 | Crypt:1  | Entered Level 1 of the Crypt
 42619 | Crypt:1  | Reached XP level 20. HP: 178/187 MP: 6/19
 42699 | Crypt:1  | Reached skill level 10 in Dodging
 42823 | Crypt:1  | Acquired 805 gold pieces
 43096 | Crypt:1  | Reached skill level 22 in Axes
 43286 | Crypt:1  | Reached skill level 10 in Stealth
 44305 | Vaults:3 | Received a gift from Trog
 44719 | Vaults:3 | Noticed Galytir's ghost (adept HOFi)
 44740 | Vaults:3 | Killed Galytir's ghost
 44837 | Vaults:3 | Identified the ring of Uthreis {*Slow rPois Str+7 Int+6}
 46510 | Vaults:4 | Reached XP level 21. HP: 196/196 MP: 6/20
 46685 | Vaults:4 | Reached skill level 23 in Axes
 47010 | Depths:1 | Entered Level 1 of the Depths
 47338 | Depths:1 | Found a one-way gate leading to the halls of Pandemonium.
 47352 | Depths:1 | Gained mutation: Your magical capacity is low. (-10% MP) [a
                  | neqoxec]
 47672 | Depths:1 | Identified the +6 chain mail of Levity {rElec}
 47750 | Depths:1 | Found a white marble altar of Elyvilon.
 47758 | Depths:1 | You fall into a shaft and drop 1 floor!
 48013 | Depths:1 | Found a gateway to Hell.
 48019 | Hell     | Entered the Vestibule of Hell
 48021 | Hell     | Noticed Geryon
 48468 | Depths:1 | Upgraded the game from 0.29-a0-872-g797fff5ad1 to
                  | 0.29-a0-878-g7b45a56547
 48856 | Depths:2 | Found a one-way gate to the infinite horrors of the Abyss.
 49261 | Depths:2 | Received a gift from Trog
 49680 | Depths:2 | Reached skill level 24 in Axes
 49805 | Depths:2 | Received a gift from Trog
 49810 | Depths:2 | Reached XP level 22. HP: 184/207 MP: 6/18
 49936 | Depths:2 | Identified the +6 great mace of Haotuved {venom, rF+ Will-
                  | Int+4}
 49953 | Depths:2 | Identified the +1 robe of the Loofah {Rampage *Slow +Inv
                  | rN++}
 50428 | Depths:3 | Found a one-way gateway to a ziggurat.
 50480 | Depths:3 | Found a flickering gateway to a bazaar.
 50489 | Bazaar   | Entered a bazaar
 50489 | Bazaar   | Found Hoigo's Antique Weapon Shoppe.
 50489 | Bazaar   | Found Ceirghug's General Store.
 50489 | Bazaar   | Found Tanoxt's Jewellery Shoppe.
 50489 | Bazaar   | Found Gedweupn's Magic Scroll Shop.
 50556 | Bazaar   | Bought a scroll of enchant weapon for 112 gold pieces
 50576 | Bazaar   | Bought a wand of iceblast (6) for 129 gold pieces
 50576 | Bazaar   | Bought a potion of haste for 90 gold pieces
 50584 | Bazaar   | Bought a +4 ring of slaying for 1014 gold pieces
 51002 | Depths:3 | Noticed a caustic shrike
 51007 | Depths:3 | Killed a caustic shrike
 51314 | Depths:3 | Noticed a golden dragon
 51315 | Depths:3 | Noticed a caustic shrike
 51340 | Depths:3 | Identified the ring "Gavvar" {rElec MP+9 Str+4 Int-3
                  | Slay+5}
 51349 | Depths:3 | Killed a golden dragon
 51351 | Depths:3 | Killed a caustic shrike
 51468 | Depths:3 | Identified the +0 helmet of Morality {Fly}
 52035 | Depths:4 | Entered Level 4 of the Depths
 52035 | Depths:4 | Identified the ring "Sumiun" {Ice Int+5 Stlth+}
 52035 | Depths:4 | Noticed Josephina
 52043 | Depths:3 | Killed Josephina
 52227 | Depths:4 | Found a hide-covered altar of Uskayaw.
 53051 | Depths:4 | Noticed the Enchantress
 53069 | Depths:4 | Killed the Enchantress
 53389 | Depths:4 | Found a bloodstained altar of Trog.
 53525 | Depths:4 | Noticed a golden dragon
 53532 | Depths:4 | Killed a golden dragon
 53557 | Depths:4 | Reached XP level 23. HP: 220/220 MP: 9/19
 53994 | Depths:4 | Found a gate to the Realm of Zot.
 54290 | Depths:4 | Reached skill level 15 in Dodging
 54309 | Depths:4 | Received a gift from Trog
 54800 | Vaults:5 | Entered Level 5 of the Vaults
 54931 | Vaults:5 | Identified the amulet "Zohecuq" {RegenMP rPois}
 54958 | Vaults:5 | Identified the +3 quarterstaff of Zemets {protect, *Rage
                  | Str+3 Stlth+}
 55215 | Vaults:5 | Identified the +9 whip "Boeng" {freeze, Int+4}
 55655 | Vaults:5 | Identified the +2 helmet "Riaplig" {rElec rC++ Int-4 SInv}
 55923 | Vaults:5 | Got a silver rune of Zot
 56144 | Vaults:5 | Received a gift from Trog
 56149 | Vaults:5 | Identified the amulet of Sehan {RegenMP rF+ Will++ Dex+4}
 56168 | Vaults:5 | Identified the +4 rapier "Mynoex" {elec, Str-2 Dex+8}
 56225 | Vaults:5 | Identified the +5 scale mail "Ekuqafio" {Dex+2}
 56254 | Vaults:5 | Reached XP level 24. HP: 162/221 MP: 9/19
 56797 | Vaults:5 | Found the +2 hat of the Bear Spirit {Spirit, *Rage Will++}
 57291 | Zot:1    | Entered Level 1 of the Realm of Zot
 58667 | Zot:2    | Noticed a Killer Klown
 58678 | Zot:2    | Killed a Killer Klown
 60800 | Zot:3    | Found a runed translucent door.
 60801 | Zot:3    | Noticed Cemmere's ghost (veteran TrCK)
 60966 | Zot:3    | Paralysed by you for 4 turns
 60972 | Zot:3    | Reached skill level 25 in Axes
 61102 | Zot:3    | Paralysed by you for 3 turns
 61202 | Zot:3    | Killed Cemmere's ghost
 62073 | Zot:3    | Reached XP level 25. HP: 199/245 MP: 1/19
 62639 | Zot:3    | Received a gift from Trog
 63604 | Zot:4    | Gained mutation: You are weak. (Str -2) [mutagenic glow]
 63621 | Zot:4    | Gained mutation: You are very weak. (Str -4) [mutagenic
                  | glow]
 63700 | Zot:4    | Noticed an orb of fire
 63712 | Zot:4    | Killed an orb of fire
 64143 | Zot:4    | Noticed Vv
 64156 | Zot:4    | Killed Vv
 64857 | Shoals:4 | Bought a potion of curing for 45 gold pieces
 64857 | Shoals:4 | Bought a potion of curing for 45 gold pieces
 65446 | Zot:5    | Entered Level 5 of the Realm of Zot
 65594 | Zot:5    | Reached skill level 15 in Armour
 68853 | Zot:5    | Noticed a Killer Klown
 68853 | Zot:5    | Noticed an orb of fire
 68854 | Zot:5    | Noticed an ancient lich
 68865 | Zot:5    | Noticed an orb of fire
 68866 | Zot:5    | Killed an orb of fire
 68866 | Zot:5    | Lost intelligence.
 68871 | Zot:5    | Noticed an orb of fire
 68874 | Zot:5    | HP: 16/370 [Killer Klown/klown pie (16)]
 68874 | Zot:5    | Mangled by an Orb Guardian

Illustrated notes

Levels and vault maps discovered:
D:1:      minmay_arrival_arboretum_small, layout_basic,
          shapermc_ecumenical_altar_venn
D:2:      layout_loops_ring, uniq_terence
D:3:      layout_basic, uniq_grinder
D:4:      gammafunk_wand_slinger, layout_basic, good_gods_mini_temple,
          chequers_temple_overflow_minitemple, gammafunk_ghost_arena,
          chequers_serial_rivers_micro_e, minmay_pentomino_pile,
          uniq_blork_the_orc
D:5:      minmay_opposing_rooms, layout_basic, minitemple, st_stairs_14
D:6:      layout_basic, serial_shops, nicolae_shop_advertising_works
          [nicolae_subvault_shop_adworks], shop, shop, shop_fountains
D:7:      layout_rooms, temple_fountains, uniq_joseph, uniq_prince_ribbit1,
          uniq_pikel
D:8:      layout_gridville, serial_shops, shop, hangedman_glass_teeth, uniq_grum
D:9:      layout_irregular_city
D:10:     layout_loops_corners, marbit_many_paths, grunt_dithmenos_shadows,
          due_lair_maze_entry_diamond, minmay_orc_entry_guard_dogs,
          dk_noncrumbling_4
D:11:     layout_roguey, minmay_strange_pillars, led_sif_pool
D:12:     layout_rooms
D:13:     layout_layer_cave, grunt_vaults_entry_fortified, enter_trove_1,
          uniq_rupert
D:14:     layout_stronghold, gauntlet_entry_generic,
          nicolae_qazlal_scattered_showers, uniq_snorg
D:15:     gammafunk_depths_entry_grave, layout_cave_pools, fiery_altar_vehumet
Lair:1:   layout_gridlike, gammafunk_ghost_cemetery, kennysheep_snail_temple,
          infiniplex_staircase_pool, uniq_erica, uniq_gastronok
Lair:2:   layout_loops_ring, elwin_shoals_entry_rooms,
          guppyfry_snake_entry_island, basic_altar, cheibrodos_lair_lostbears
Lair:3:   layout_regular_city, gammafunk_ghost_arena, lemuel_fruit_fields
Lair:4:   layout_regular_city, minmay_slime_entry_oklob_enclosed,
          grunt_forest_large_clearings
Lair:5:   wormcave, layout_small_grid, hangedman_lair_tendril_chambers
Shoals:1: cheibrodos_shoals_gigantism, layout_shoals
Shoals:2: cheibrodos_shoals_three_sisters, layout_shoals, serial_shops,
          nicolae_shop_window_shopping
Shoals:3: layout_shoals
Shoals:4: shoals_end_grunt_garden, layout_shoals, serial_shops,
          nicolae_lakefront_shop, shop
Snake:1:  layout_gridlike, serial_shops, bzr_in_the_mist,
          hangedman_feature_mirror, minmay_shop_star
Snake:2:  layout_chambers, grunt_ministairs_4, grunt_megastairs_4, uniq_donald
Snake:3:  layout_grid_shapes, nicolae_snake_gridmaze_spiral, uniq_roxanne
Snake:4:  snake_pit, layout_cave_town
Orc:1:    layout_caves
Orc:2:    st_orc_mages, layout_caves, serial_shops, shop,
          nicolae_orc_stony_grotto, uniq_urug
Vaults:1: v_misc_23, vaults_room_grunt_arrival_checkpoint,
          gammafunk_sealed_arena, v_misc_25, ontoclasm_vaults_ligature,
          v_misc_15, vaults_room_hallway, hangedman_vaults_nails,
          vaults_room_large_hall, nicolae_vaults_network_periphery,
          vaults_standard_mumra_enter_the_diamond, vaults_room_corners,
          layout_vaults_omnibox, serial_shops, shop
Vaults:2: hangedman_vaults_river_flow, ontoclasm_vaults_gallery,
          nicolae_vaults_diagonal_hallway_7, ontoclasm_vaults_ring_square,
          ontoclasm_vaults_eye, nicolae_vaults_network_quincunx
          [nicolae_vaults_network_quincunx_subvault,
          nicolae_vaults_network_quincunx_subvault,
          nicolae_vaults_network_quincunx_subvault,
          nicolae_vaults_network_quincunx_subvault,
          nicolae_vaults_network_quincunx_subvault], hangedman_vaults_unwind,
          v_misc_18, vaults_room_stairs_pillars,
          nicolae_vaults_disjoint_gnomons, vaults_room_door_ring,
          vaults_dpeg_hooks, ontoclasm_vaults_hangar, layout_vaults_maze_bifur,
          uniq_nikola
Vaults:3: ebering_ghost_reflecting_pool, st_more_cells,
          minmay_crypt_entry_necro_gods, v_misc_22,
          hangedman_vaults_corner_blocks, hangedman_vaults_restitches,
          hangedman_vaults_maws, layout_vaults_quadrants
Vaults:4: nicolae_vaults_meeting, vaults_mumra_minichess, v_misc_30,
          nicolae_vaults_puzzle_piece, serial_ice_h,
          nicolae_vaults_sealed_display, v_rooms_6, v_pattern_3,
          hangedman_vaults_impose, vaults_dpeg_spiral, v_misc_22, v_misc_17,
          vaults_room_door_ring, layout_vaults_ring, serial_glass
Vaults:5
Crypt:1:  layout_rooms, grunt_ministairs_15, hangedman_weighted_door,
          grunt_crypt_arrival_split
Depths:1: layout_cave_shapes, pf_coc_iceberg, nicolae_elyvilon_peaceful_grove,
          grunt_pan_entry_spiral, serial_bayou_pond_a, lemuel_freeze_loot_1
Depths:2: grunt_runaround [grunt_runaround_doors_1, grunt_runaround_doors_2,
          grunt_runaround_doors_3, grunt_runaround_doors_4,
          grunt_runaround_loot], hell_entry, pan_entry, abyss_entry
Depths:3: lemuel_traditional_vault, layout_cave_pools, enter_ziggurat_f,
          serial_sigils, serial_sigils_hangedman_writhe,
          serial_sigils_hangedman_quiver, serial_sigils_hangedman_quiver,
          serial_sigils_hangedman_clutch, serial_shops, bzr_entry_water,
          abyss_entry, hell_entry, minmay_misc_feat_tower
Depths:4: lemuel_castle_with_subvaults [lemuel_castle_interior_carwin_2],
          layout_gridville, bloody_trog, hellmouth_3, rand_demon_pan_entry_9,
          nicolae_uskayaw_murder_on_the_dancefloor, uniq_grunn, uniq_josephina,
          uniq_enchantress
Hell
Zot:1:    layout_basic, st_small_dragon_hoard_1, st_stairs_6, grunt_ministairs_8
Zot:2:    layout_concentric_octagons, grunt_ministairs_1,
          st_single_dragon_hoard_2, st_small_dragon_hoard_2
Zot:3:    gammafunk_mikee_crab_dinner, layout_gridlike, gammafunk_ghost_grave
Zot:4:    layout_misc_corridors, uniq_vv
Zot:5:    layout_gridlike

Skill      XL: |  1  2  3  4  5  6  7  8  9 10 11 12 13 14 15 16 17 18 19 20 21 22 23 24 25 |
---------------+----------------------------------------------------------------------------+-----
Fighting       | 4 5 6 7 8 9 10 11 12 13 14 15 17 18 19 21 22 23 24 | 24.5
Axes           | 4 5 6 7 8 10 11 13 14 16 17 18 19 20 21 22 24 25 | 25.8
Ranged Weapons | 1 2 3 5 6 8 10 11 13 14 15 16 18 19 20 22 | 22.9
Evocations     | 1 2 3 4 5 6 7 8 9 10 | 10.5
Armour         | 3 4 6 7 9 10 11 13 14 18 | 18.0
Throwing       | 1 4 7 9 10 11 12 | 12.0
Stealth        | 1 4 6 8 9 10 11 13 14 | 14.8
Dodging        | 5 8 9 11 12 14 16 | 16.5

Action                   |  1- 3 |  4- 6 |  7- 9 | 10-12 | 13-15 | 16-18 | 19-21 | 22-24 | 25-27 || total
-------------------------+-------+-------+-------+-------+-------+-------+-------+-------+-------++-------
Melee: Hand axe          |    53 |    70 |       |       |       |       |       |       |       ||   123
       Headbutt          |    11 |    14 |    27 |    67 |   162 |   100 |   257 |   275 |    77 ||   990
       War axe           |       |    13 |    42 |       |       |       |       |       |       ||    55
       Dire flail        |       |       |    21 |     3 |       |       |       |       |       ||    24
       Battleaxe         |       |       |    91 |   365 |   711 |   408 |    32 |       |       ||  1607
       Scimitar          |       |       |       |     5 |    18 |       |       |       |       ||    23
       Executioner's axe |       |       |       |       |       |       |   862 |   778 |   236 ||  1876
       Unarmed           |       |       |       |       |       |       |       |     8 |       ||     8
 Fire: Sling             |       |    46 |    13 |       |       |       |       |       |       ||    59
       Shortbow          |       |       |    42 |   131 |   208 |       |       |       |       ||   381
       Arbalest          |       |       |       |       |   165 |   570 |   273 |   217 |   140 ||  1365
Throw: Javelin           |     3 |     1 |    12 |    23 |     6 |    23 |    83 |    89 |     4 ||   244
       Dart              |     5 |       |       |     4 |     8 |     1 |     5 |     4 |       ||    27
       Boomerang         |       |       |       |       |       |     5 |       |     6 |       ||    11
Invok: Berserk           |     1 |     4 |     9 |    16 |    13 |     8 |    14 |    16 |     5 ||    86
       Trog's Hand       |       |     2 |     6 |    14 |    29 |    29 |    48 |    36 |     6 ||   170
       Brothers in Arms  |       |       |       |       |     1 |     2 |     1 |     3 |     2 ||     9
 Abil: Evoke Blink       |       |       |       |       |       |       |     1 |       |       ||     1
Evoke: Wand              |       |       |       |     3 |    20 |    10 |    13 |    21 |     6 ||    73
       Condenser vane    |       |       |       |       |       |       |     1 |     3 |     1 ||     5
       Tin of tremorston |       |       |       |       |       |       |       |     2 |     2 ||     4
       Phantom mirror    |       |       |       |       |       |       |       |       |     1 ||     1
  Use: Scroll            |       |     7 |     8 |     8 |    19 |    11 |     8 |     8 |    13 ||    82
       Potion            |       |       |       |     2 |     5 |     9 |    13 |    14 |     4 ||    47
 Stab: Invisible         |       |       |       |       |    10 |       |       |     7 |     2 ||    19
       Distracted        |       |       |       |       |       |       |       |     1 |       ||     1
Armor: Animal skin       |     5 |       |       |       |       |       |       |       |       ||     5
       Scale mail        |       |    17 |       |       |       |       |       |       |       ||    17
       Plate armour      |       |    44 |   109 |   304 |   467 |   376 |   539 |   439 |    66 ||  2344
       Gold dragon scale |       |       |       |       |       |       |       |       |    81 ||    81
Dodge: Dodged            |    37 |    34 |    91 |   314 |   665 |   310 |   503 |   484 |   138 ||  2576
Block: Other             |       |       |       |       |       |   104 |   181 |   180 |    44 ||   509
       Reflection        |       |       |       |       |       |    26 |     9 |     8 |       ||    43

Table legend: (Time is in decaauts)
 A = Elapsed time spent in this place.
 B = Non-inter-level travel time spent in this place.
 C = Inter-level travel time spent in this place.
 D = Time resting spent in this place.
 E = Time spent auto-exploring this place.
 F = Levels seen in this place.
 G = Mean time per level.
                   A        B        C        D        E       F      G
               +--------+--------+--------+--------+--------+-----+--------+
         Total |  69435 |  64888 |   4547 |  20298 |  29446 |  49 | 1417.0 |
       Dungeon |  18048 |  16214 |   1834 |   3818 |   9206 |  15 | 1203.2 |
          Lair |   7713 |   6833 |    880 |   1330 |   3756 |   5 | 1542.6 |
        Shoals |   7612 |   7328 |    284 |   3639 |   2607 |   4 | 1903.0 |
     Snake Pit |   5013 |   4763 |    250 |    906 |   2501 |   4 | 1253.2 |
  Orcish Mines |   1934 |   1888 |     46 |    736 |    627 |   2 |  967.0 |
        Vaults |   8750 |   8384 |    366 |   1834 |   4817 |   5 | 1750.0 |
         Crypt |   1076 |   1033 |     43 |    272 |    412 |   1 | 1076.0 |
        Depths |   7940 |   7357 |    583 |   1768 |   3928 |   4 | 1985.0 |
          Hell |     30 |     30 |      0 |      0 |      0 |   1 |   30.0 |
           Zot |  10661 |  10403 |    258 |   5847 |   1545 |   5 | 2132.2 |
        Bazaar |    325 |    325 |      0 |    100 |     41 |   2 |  162.5 |
      Gauntlet |    329 |    329 |      0 |     44 |      3 |   1 |  329.0 |
               +--------+--------+--------+--------+--------+-----+--------+

Top non-repeatable levels by time:
Shoals:4: 4427 daAuts
   Zot:5: 3406 daAuts
Depths:4: 2626 daAuts
    D:10: 2624 daAuts
  Lair:1: 2572 daAuts
Vaults:4: 2366 daAuts
   Zot:3: 2290 daAuts
Depths:2: 2034 daAuts
    D:13: 1927 daAuts
Vaults:5: 1897 daAuts
   Zot:4: 1874 daAuts
Depths:3: 1792 daAuts
Vaults:3: 1718 daAuts
     D:8: 1688 daAuts
   Zot:2: 1672 daAuts
